 Dungeon Crawl Stone Soup version 0.28.0-45-g0d030f2227 (webtiles) character file.

Game seed: 5849211266062130260

24690 protoss039 the Eclecticist (level 12, -3/71 HPs)
             Began as a Deep Elf Earth Elementalist on Apr 5, 2022.
             Was a Priest of Sif Muna.
             Slain by a komodo dragon (16 damage)
             ... on level 2 of the Lair of Beasts.
             The game lasted 00:33:49 (17884 turns).

protoss039 the Eclecticist (DEEE)                  Turns: 17884, Time: 00:33:49

Health: -3/71      AC:  7    Str:  5    XL:     12   Next: 82%
Magic:  2/35       EV: 12    Int: 32    God:    Sif Muna [***...]
Gold:   731        SH:  0    Dex: 10    Spells: 19/45 levels left

rFire   . . .      SeeInvis .   M - +1 long sword of the Jumping Seeker {elec, Fly rPois Dex-5}
rCold   . . .      Faith    .   (no shield)
rNeg    + . .      Spirit   .   d - +2 robe
rPois   +          Reflect  .   y - +0 helmet
rElec   .          Harm     .   J - +0 cloak "Zaocecwebim" {Will+}
rCorr   .          Rampage  .   L - +0 pair of gloves
Will    ++...                   (no boots)
Stlth   ++........              i - amulet of regeneration
HPRegen 1.01/turn               u - +6 ring of intelligence
MPRegen 0.24/turn               w - ring of positive energy

@: flying
A: no striking features
a: Renounce Religion, Channel Magic, Forget Spell


You were on level 2 of the Lair of Beasts.
You worshipped Sif Muna.
Sif Muna was most pleased with you.
You visited 2 branches of the dungeon, and saw 13 of its levels.

You collected 817 gold pieces.
You spent 86 gold pieces at shops.

Inventory:

Hand Weapons
 b - a +4 hand axe of freezing
 l - a +2 demon blade of draining
 F - a +4 scimitar of flaming
 M - the +1 long sword of the Jumping Seeker (weapon) {elec, Fly rPois Dex-5}
   (You took it off an orc warrior on level 9 of the Dungeon)

   It occasionally discharges a powerful burst of electricity upon striking a
   foe.
   Dex:       It affects your dexterity (-5).
   rPois:     It protects you from poison.
   Fly:       It grants you flight.
Missiles
 c - 171 stones
Armour
 d - a +2 robe (worn)
 y - a +0 helmet (worn)
 J - the +0 cloak "Zaocecwebim" (worn) {Will+}
   (You found it on level 8 of the Dungeon)

   Will:      It increases your willpower.
 L - a +0 pair of gloves (worn)
Jewellery
 f - a ring of flight
 g - a ring of resist corrosion
 i - an amulet of regeneration (around neck)
 t - a ring of fire
 u - a +6 ring of intelligence (left hand)
 w - a ring of positive energy (right hand)
 H - a ring of protection from cold
Wands
 e - a wand of paralysis (4)
 C - a wand of iceblast (13)
 D - a wand of mindburst (26)
 E - a wand of polymorph (6)
 G - a wand of digging (6)
 P - a wand of charming (7)
Scrolls
 a - 3 scrolls of magic mapping
 k - a scroll of identify
 o - 4 scrolls of teleportation
 q - 2 scrolls of amnesia
 r - 2 scrolls of enchant weapon
 v - 3 scrolls of blinking
 x - 2 scrolls of fear
 B - a scroll of vulnerability {unknown}
 Q - a scroll of acquirement {unknown}
 R - a scroll of summoning {unknown}
Potions
 h - 9 potions of curing
 j - a potion of haste {unknown}
 m - 2 potions of mutation
 n - a potion of ambrosia {unknown}
 p - 2 potions of resistance
 s - a potion of brilliance {unknown}
 z - a potion of lignification {unknown}
 A - 2 potions of heal wounds
Miscellaneous
 S - a box of beasts


   Skills:
 * Level 6.9 Fighting
 - Level 3.0 Dodging
 - Level 3.0 Stealth
 + Level 17.1 Spellcasting
 + Level 8.9 Conjurations
 - Level 6.0 Transmutations
 * Level 3.5 Air Magic
 - Level 9.0 Earth Magic
 * Level 9.0 Invocations


You had 19 spell levels left.
You knew the following spells:

 Your Spells              Type           Power      Damage    Failure   Level
a - Sandblast             Erth           100%       2d20      1%          1
b - Passwall              Tmut/Erth      55%        N/A       1%          2
c - Stone Arrow           Conj/Erth      100%       3d13      1%          3
d - Petrify               Tmut/Erth      66%        N/A       1%          4
e - Swiftness             Air            50%        N/A       1%          3
f - Iron Shot             Conj/Erth      35%        9d7       5%          6
g - Static Discharge      Conj/Air       61%        N/A       1%          2
h - Lightning Bolt        Conj/Air       30%        1d47      3%          5

Your spell library contained the following spells:

 Spells                   Type           Power      Damage    Failure   Level
 Ensorcelled Hibernation  Hex/Ice        54%        N/A       2%          2
 Animate Armour           Summ/Erth      100%       N/A       2%          4
 Leda's Liquefaction      Hex/Erth       27%        N/A       2%          4
 Blade Hands              Tmut           30%        N/A       3%          5
 Call Canine Familiar     Summ           27%        N/A       4%          3
 Portal Projectile        Hex/Tloc       54%        N/A       4%          3
 Summon Guardian Golem    Hex/Summ       27%        N/A       4%          3
 Orb of Destruction       Conj           35%        9d10      30%         7
 Spellforged Servitor     Conj/Summ      27%        N/A       89%         7
 Maxwell's Capacitive Co  Air            25%        ∞         100%        8


Dungeon Overview and Level Annotations

Branches:
Dungeon (11/15)            Temple (0/1) D:7            Lair (2/6) D:8
    Orc (0/2) D:10
  Swamp: Lair:2-4    Shoals: Lair:2-4     Snake: Lair:2-4    Spider: Lair:2-4

Altars:
Ashenzari
Dithmenos
Elyvilon
Fedhas
Hepliaklqana
Nemelex Xobeh
Okawaru
Qazlal
Ru
Sif Muna
Trog
Vehumet
Xom
Zin

Shops:
D:3 !   D:6 **   D:7 !

Annotations:
D:9 2 transporters, Erolcha; dandone's ghost, novice MiBe


Message History

The komodo dragon is severely wounded.
The lightning grounds out.
A bullfrog comes into view.
The komodo dragon bites you!!
* * * LOW HITPOINT WARNING * * *
Unknown command.
Unknown command.
Unknown command.
You feel better. The komodo dragon misses you.
The blink frog blinks!
Unknown command.
Unknown command.
Casting: Static Discharge (safe; 1% risk of failure)
Confirm with . or Enter, or press ? or * to list all spells.
The komodo dragon is struck by an arc of lightning!
You kill the komodo dragon!
Sif Muna accepts your kill.
You are struck by an arc of lightning.
* * * LOW HITPOINT WARNING * * *
Unknown command.
Unknown command.
You feel much better. The komodo dragon closely misses you.
Unknown command.
Unknown command.
Casting: Static Discharge (safe; 1% risk of failure)
Confirm with . or Enter, or press ? or * to list all spells.
Aiming: Sandblast (safe; 1% risk of failure)
Press: ? - help, Shift-Dir - straight line, f/p - komodo dragon
Aim: a komodo dragon (almost dead, 88% to hit)
The blast of sand hits the komodo dragon.
The komodo dragon is almost dead.
The komodo dragon bites you!!
* * * LOW HITPOINT WARNING * * *
Casting: Sandblast (safe; 1% risk of failure)
Confirm with . or Enter, or press ? or * to list all spells.
Aiming: Sandblast (safe; 1% risk of failure)
Press: ? - help, Shift-Dir - straight line, f/p - komodo dragon
Aim: a komodo dragon (almost dead, 88% to hit)
The blast of sand misses the komodo dragon.
The komodo dragon bites you!
You die...

.....................PP#
......................##
...<.##P.....[.........####
.....###P.......F.........#
....## #.................##
..P## ##............#.###
.## #..........##.## .
#.....l...##.#
...P.#@...### .## #F..##
#...## ##...## #....#
#P††....# #......P#
#......## ##...###


You could see a komodo dragon, a blink frog and a bullfrog.

Vanquished Creatures
  Josephine (D:10)
  A hydra (D:11)
  Harold (D:9)
  4 two-headed ogres
  Erica (D:8)
  Sonja (Lair:1)
  An obsidian statue (Lair:1)
  Pikel (D:7)
  A cyclops (D:10)
  An ugly thing (D:11)
  Joseph (D:9)
  Maurice (D:9)
  Maggie (D:10)
  A kobold demonologist (D:10)
  3 cane toads (Lair:1)
  A rime drake (Lair:1)
  A komodo dragon (Lair:2)
  2 trolls
  A polar bear (Lair:1)
  A hornet (D:9)
  A slime creature (D:8)
  9 blink frogs
  4 dream sheep (Lair:1)
  5 wraiths
  20 yaks
  4 wyverns
  2 steam dragons
  Eustachio (D:6)
  4 vampire mosquitoes (D:10)
  2 acid dragons
  2 wargs (D:10)
  13 water moccasins
  4 orc warriors
  A sky beast (D:7)
  A black bear (D:6)
  3 wolves (Lair:1)
  5 centaurs
  A lemure (D:7)
  A phantom (D:5)
  2 kobold brigands (D:9)
  10 bullfrogs
  A gnoll sergeant (D:8)
  3 water moccasin zombies
  2 scorpions
  13 killer bees
  14 wights
  An electric eel (Lair:1)
  A crimson imp (D:7)
  A jelly (D:4)
  A bullfrog zombie (D:6)
  4 centaur zombies
  2 hounds
  2 orc priests
  A centaur skeleton (D:5)
  A bullfrog skeleton (D:6)
  10 orc wizards
  A killer bee zombie (D:6)
  A howler monkey zombie (D:9)
  3 gnolls (D:8)
  A howler monkey skeleton (D:5)
  3 adders
  2 white imps (D:7)
  An ufetubus (D:5)
  2 dart slugs
  30 orcs
  2 ball pythons
  4 bats
  5 endoplasms
  4 giant cockroaches
  3 goblins
  5 hobgoblins
  13 jackals
  9 kobolds
  2 quokkas
  2 frilled lizards
  11 rats
282 creatures vanquished.

Vanquished Creatures (others)
  2 bushes (D:8)
  5 fungi
  26 plants
33 creatures vanquished.

Grand Total: 315 creatures vanquished

Notes
Turn   | Place    | Note
-------+----------+-------------------------------------------
     0 | D:1      | protoss039 the Deep Elf Earth Elementalist began the quest
                  | for the Orb.
     0 | D:1      | Reached XP level 1. HP: 10/10 MP: 6/6
   713 | D:1      | Reached XP level 2. HP: 11/15 MP: 8/8
  1352 | D:1      | Learned a level 2 spell: Passwall
  1676 | D:2      | Reached XP level 3. HP: 19/19 MP: 10/10
  1775 | D:2      | Learned a level 3 spell: Stone Arrow
  2678 | D:3      | Found Tariw's Distillery.
  2686 | D:3      | Bought a potion of curing for 36 gold pieces
  2715 | D:3      | Noticed a bullfrog
  2719 | D:3      | Killed a bullfrog
  2720 | D:3      | Reached skill level 4 in Spellcasting
  2720 | D:3      | Reached XP level 4. HP: 24/24 MP: 8/12
  2789 | D:3      | Learned a level 4 spell: Petrify
  3001 | D:3      | Found an iron altar of Okawaru.
  3001 | D:3      | Found a sacrificial altar of Ru.
  3260 | D:4      | Reached skill level 5 in Spellcasting
  3260 | D:4      | Reached XP level 5. HP: 28/28 MP: 6/14
  3452 | D:4      | Reached skill level 5 in Earth Magic
  3705 | D:4      | Reached skill level 6 in Spellcasting
  3705 | D:4      | Reached XP level 6. HP: 28/32 MP: 13/17
  4032 | D:4      | Found a glowing silver altar of Zin.
  4032 | D:4      | Found a hazy altar of Hepliaklqana.
  4033 | D:4      | Found a blossoming altar of Fedhas.
  4068 | D:4      | Found a shimmering blue altar of Sif Muna.
  4068 | D:4      | Found a shimmering altar of Xom.
  4087 | D:4      | Found a bloodstained altar of Trog.
  4098 | D:4      | Found a broken altar of Ashenzari.
  4349 | D:4      | Became a worshipper of Sif Muna the Loreminder
  4426 | D:5      | Entered Level 5 of the Dungeon
  4859 | D:5      | Noticed a water moccasin
  4864 | D:5      | Killed a water moccasin
  4865 | D:5      | Reached skill level 7 in Spellcasting
  4865 | D:5      | Reached skill level 1 in Invocations
  4865 | D:5      | Reached XP level 7. HP: 37/37 MP: 13/19
  5222 | D:5      | Reached skill level 1 in Fighting
  6067 | D:6      | Reached skill level 1 in Conjurations
  6067 | D:6      | Reached XP level 8. HP: 43/43 MP: 11/21
  6221 | D:6      | Reached skill level 8 in Spellcasting
  6559 | D:6      | Found a stormy altar of Qazlal.
  6580 | D:6      | Found a sparkling altar of Nemelex Xobeh.
  6583 | D:6      | Found a white marble altar of Elyvilon.
  6614 | D:6      | Reached * piety under Sif Muna
  7000 | D:6      | Noticed Eustachio
  7003 | D:6      | Killed Eustachio
  7070 | D:6      | Found Qexkad's General Store.
  7071 | D:6      | Found Fueruhin's Specific Store.
  7081 | D:6      | Bought a potion of heal wounds for 50 gold pieces
  7351 | D:7      | Reached skill level 9 in Spellcasting
  7394 | D:7      | Found a staircase to the Ecumenical Temple.
  7433 | D:7      | Noticed Pikel
  7442 | D:7      | Killed Pikel
  7443 | D:7      | Reached XP level 9. HP: 47/50 MP: 9/24
  7564 | D:7      | Identified the +9 plate armour "Mit Esoumiu" {Slay+2}
  7831 | D:7      | Found Nukkovinn's Distillery.
  8324 | D:7      | Found a shadowy altar of Dithmenos.
  8608 | D:8      | Noticed a two-headed ogre
  8613 | D:8      | Killed a two-headed ogre
  8614 | D:8      | Reached skill level 10 in Spellcasting
  8655 | D:8      | Reached skill level 5 in Invocations
  8848 | D:8      | Reached XP level 10. HP: 56/56 MP: 20/26
  8866 | D:8      | Reached skill level 11 in Spellcasting
  9282 | D:8      | Found a staircase to the Lair.
  9336 | D:8      | Noticed Erica
  9339 | D:8      | Killed Erica
  9340 | D:8      | Reached skill level 5 in Conjurations
  9789 | D:8      | Found a large runed translucent door.
  9789 | D:8      | Found a large runed translucent door.
  9801 | D:8      | Noticed a death knight
  9801 | D:8      | Noticed a two-headed ogre
  9812 | D:8      | Reached skill level 12 in Spellcasting
  9812 | D:8      | Reached skill level 5 in Transmutations
 10010 | D:8      | Found a large runed translucent door.
 10010 | D:8      | Found a large runed translucent door.
 10468 | D:8      | Noticed a two-headed ogre
 10500 | D:8      | Killed a two-headed ogre
 10876 | D:8      | Identified the +0 cloak "Zaocecwebim" {Will+}
 11034 | D:9      | Noticed Harold
 11169 | D:8      | Reached XP level 11. HP: 62/62 MP: 17/29
 11170 | D:8      | Reached ** piety under Sif Muna
 11323 | D:9      | Reached skill level 5 in Fighting
 11323 | D:9      | Reached skill level 13 in Spellcasting
 11384 | D:9      | Found a transporter.
 11388 | D:9      | Noticed dandone's ghost (novice MiBe)
 11390 | D:9      | Noticed a fire dragon
 11542 | D:9      | Found a transporter.
 11556 | D:9      | Noticed Maurice
 11557 | D:9      | Noticed Joseph
 11562 | D:9      | Killed Maurice
 11569 | D:9      | Killed Joseph
 12033 | D:9      | Killed Harold
 12124 | D:9      | Noticed Erolcha
 12528 | D:9      | Identified the +1 long sword of the Jumping Seeker {elec,
                  | Fly rPois Dex-5}
 13005 | D:10     | Entered Level 10 of the Dungeon
 13015 | D:10     | Noticed Josephine
 13025 | D:10     | Killed Josephine
 13047 | D:9      | Reached skill level 14 in Spellcasting
 13523 | D:10     | Found a staircase to the Orcish Mines.
 13858 | D:10     | Reached *** piety under Sif Muna
 14109 | D:10     | Noticed a two-headed ogre
 14125 | D:10     | Reached skill level 15 in Spellcasting
 14134 | D:10     | Killed a two-headed ogre
 14246 | D:10     | Noticed Maggie
 14257 | D:10     | Killed Maggie
 14527 | D:11     | Learned a level 3 spell: Swiftness
 14728 | D:8      | Killed a two-headed ogre
 14729 | D:8      | Reached XP level 12. HP: 70/70 MP: 21/33
 14850 | D:8      | Learned a level 6 spell: Iron Shot
 15139 | D:11     | Found a radiant altar of Vehumet.
 15315 | D:11     | Noticed a four-headed hydra
 15318 | D:11     | Killed a four-headed hydra
 15319 | D:11     | Reached skill level 1 in Air Magic
 16249 | Lair:1   | Entered Level 1 of the Lair of Beasts
 16535 | Lair:1   | Noticed Sonja
 16537 | Lair:1   | Killed Sonja
 16538 | Lair:1   | Reached skill level 16 in Spellcasting
 17015 | Lair:1   | Learned a level 2 spell: Static Discharge
 17616 | Lair:1   | Learned a level 5 spell: Lightning Bolt
 17865 | Lair:2   | Reached skill level 17 in Spellcasting
 17884 | Lair:2   | Slain by a komodo dragon

Illustrated notes

Levels and vault maps discovered:
D:1:      amcnicky_arrival_feature_with_door, layout_loops_ring
D:2:      layout_basic, chequers_serial_rivers_micro_b,
          kennysheep_generic_room_8
D:3:      layout_basic, gammafunk_temple_overflow_statue, serial_shops, shop,
          kennysheep_generic_room_11
D:4:      layout_gridville, grunt_temple_overflow_octagram, kennysheep_donut
D:5:      layout_basic
D:6:      layout_loops_ring, minitemple, nicolae_benzene_ring,
          nicolae_specific_store, uniq_eustachio
D:7:      layout_loops_cross, kennysheep_mini_moat,
          minmay_temple_entry_enclosed_plants, serial_shops, shop,
          minmay_fire_ice_demons, uniq_pikel
D:8:      layout_basic, minmay_lair_entry_grove, minmay_hollow_rounded_squares,
          uniq_erica
D:9:      layout_loops_corners, gammafunk_ghost_berserking_beasts,
          chequers_jeans, hangedman_corner_corridor, uniq_joseph, uniq_maurice,
          uniq_erolcha, uniq_harold
D:10:     layout_irregular_city, minmay_orc_entry_guard_dogs, uniq_josephine,
          uniq_maggie
D:11:     layout_stronghold, chequers_serial_rivers_small_a, vehumet_crystals
Lair:1:   statuecave_lemuel, layout_misc_corridors, grunt_megastairs_1,
          uniq_sonja
Lair:2:   layout_layer_cave

Skill      XL: |  1  2  3  4  5  6  7  8  9 10 11 12 |
---------------+-------------------------------------+-----
Stealth        | 3 |  3.0
Dodging        | 3 |  3.0
Earth Magic    | 4 5 6 7 8 9 |  9.0
Spellcasting   | 4 5 6 7 9 10 12 15 17 | 17.1
Transmutations | 2 3 4 5 6 |  6.0
Invocations    | 1 2 3 5 6 8 9 |  9.0
Fighting       | 1 3 4 6 |  6.9
Conjurations   | 1 3 4 6 7 8 |  8.9
Air Magic      | 3 |  3.5

Action                   |  1- 3 |  4- 6 |  7- 9 | 10-12 || total
-------------------------+-------+-------+-------+-------++-------
Melee: Short sword       |   115 |    38 |       |       ||   153
       Unarmed           |     4 |       |       |       ||     4
       Punch             |     4 |       |       |     1 ||     5
       Rapier            |       |     4 |       |       ||     4
       Whip              |       |       |     2 |    12 ||    14
       Long sword        |       |       |       |    25 ||    25
 Cast: Sandblast         |    23 |    36 |    24 |   103 ||   186
       Stone Arrow       |       |     5 |    92 |   241 ||   338
       Petrify           |       |       |       |     7 ||     7
       Swiftness         |       |       |       |     4 ||     4
       Passwall          |       |       |       |     2 ||     2
       Lightning Bolt    |       |       |       |    13 ||    13
       Iron Shot         |       |       |       |     7 ||     7
       Static Discharge  |       |       |       |     5 ||     5
Invok: Channel Magic     |       |       |       |     1 ||     1
  Use: Scroll            |       |       |     4 |     7 ||    11
       Potion            |       |       |       |     2 ||     2
 Stab: Sleeping          |     7 |     4 |       |       ||    11
       Distracted        |       |     1 |       |       ||     1
Armor: Robe              |    28 |     4 |     6 |    47 ||    85
Dodge: Dodged            |    86 |    30 |    18 |   130 ||   264
